 Dungeon Crawl Stone Soup version 0.21.1-1-g345015f (webtiles) character file.

87530 Mgcat the Severer (level 15, -1/149 HPs)
             Began as a Minotaur Berserker on Feb 5, 2018.
             Was the Champion of Trog.
             Slain by an entropy weaver (10 damage)
             ... on level 1 of the Spider Nest.
             The game lasted 01:00:38 (19798 turns).

Mgcat the Severer (Minotaur Berserker)             Turns: 19798, Time: 01:00:39

Health: -1/149     AC:  6    Str: 23    XL:     15   Next: 43%
Magic:  0/20       EV: 10    Int:  6    God:    Trog [******]
Gold:   1205       SH: 16    Dex: 20    Spells: 14/14 levels left

rFire    . . .     SeeInvis +   A - +8 war axe of Satyap {vamp, rPois}
rCold    . . .     Gourm    .   T - +5 shield {reflect}
rNeg     + . .     Faith    .   q - +1 ring mail of Shielding {MR- rCorr Dex+7 Slay+3}
rPois    +         Spirit   +   L - +2 hat {SInv}
rElec    .         Reflect  +   J - scarf {Spirit}
rCorr    +         Harm     .   (no gloves)
MR       +++..                  u - +2 pair of boots {run}
Stlth    +++.......             H - amulet of guardian spirit {Spirit}
HPRegen  1.34/turn              F - ring of positive energy {rN+}
MPRegen  0.17/turn              f - ring of protection from magic {MR+, !d}

@: lethally poisoned (-1 -> -9), corroded, berserk cooldown, starving,
regenerating, slowed, very slow
A: retaliatory headbutt, horns 2
a: Berserk, Trog's Hand, Brothers in Arms, Burn Spellbooks, Renounce Religion


You were on level 1 of the Spider Nest.
You worshipped Trog.
Trog was exalted by your worship.
You were starving.

You visited 4 branches of the dungeon, and saw 19 of its levels.
You also visited: Labyrinth, Sewer, Ossuary, Ice Cave and Volcano.

You collected 2189 gold pieces.
You spent 984 gold pieces at shops.

Inventory:

Hand Weapons
 A - the +8 war axe of Satyap (weapon) {vamp, rPois}
   (Trog gifted it to you on level 10 of the Dungeon)

   It inflicts no extra harm, but heals its wielder when it wounds a living foe.
   It protects you from poison.
 N - the +7 mace of Cowardice {elec, rN+}
   (You found it on level 1 of the Lair of Beasts)

   Occasionally, upon striking a foe, it will discharge some electrical energy
   and cause terrible harm.
   It protects you from negative energy.
 W - a +3 antimagic executioner's axe
   (Trog gifted it to you on level 1 of the Orcish Mines)
Missiles
 v - a throwing net {=f, !d}
 M - 3 curare-tipped needles
 Q - 6 tomahawks of dispersal {=f}
Armour
 g - a +0 buckler
   (You found it on level 9 of the Dungeon)
 q - the +1 ring mail of Shielding (worn) {MR- rCorr Dex+7 Slay+3}
   (You found it on level 4 of the Dungeon)

   It affects your dexterity (+7).
   It affects your accuracy and damage with ranged weapons and melee attacks
   (+3).
   It affects your resistance to hostile enchantments.
   It protects you from acid and corrosion.
 r - a +1 plate armour of magic resistance
   (You took it off Donald on level 2 of the Orcish Mines)
 u - a +2 pair of boots of running (worn)
   (You found it in an ice cave)
 J - a scarf of spirit shield (worn)
   (You found it on level 9 of the Dungeon)
 L - a +2 hat of see invisible (worn)
   (You took it off Gastronok on level 10 of the Dungeon)
 T - a +5 shield of reflection (worn)
   (You took it off Donald on level 2 of the Orcish Mines)
Jewellery
 f - a ring of protection from magic (right hand) {MR+, !d}
   (You found it on level 5 of the Dungeon)
 s - an uncursed ring of resist corrosion
   (You found it on level 4 of the Lair of Beasts)
 F - a ring of positive energy (left hand) {rN+}
   (You found it on level 8 of the Dungeon)
 H - an amulet of guardian spirit (around neck) {Spirit}
   (You found it on level 5 of the Lair of Beasts)
 P - an uncursed ring of protection from cold {rC+, !d}
   (You took it off a minotaur in a labyrinth)
 R - an uncursed ring of stealth {Stlth+}
   (You found it in a labyrinth)
Wands
 o - a wand of flame (94)
   (You took it off Natasha on level 3 of the Dungeon)
 w - a wand of digging (32)
   (You found it on level 7 of the Dungeon)
 C - a wand of acid (16)
   (You took it off an orc warrior on level 8 of the Dungeon)
 E - a wand of clouds (3)
   (You found it on level 8 of the Dungeon)
 I - a wand of enslavement (20)
   (You found it on level 9 of the Dungeon)
 K - a wand of random effects (39)
   (You found it on level 6 of the Lair of Beasts)
 V - a wand of paralysis (10)
   (You found it on level 6 of the Lair of Beasts)
Scrolls
 b - 2 scrolls of immolation {!r}
 d - 4 scrolls of enchant weapon
 e - 7 scrolls of teleportation
 t - 3 scrolls of identify
 y - a scroll of magic mapping {!r}
 D - 2 scrolls of noise {!r}
 G - 3 scrolls of remove curse
 S - a scroll of fog
 U - a scroll of acquirement
Potions
 h - 2 potions of agility
 j - 9 potions of curing
 k - 7 potions of might
 l - 11 potions of degeneration {!q}
 m - 6 potions of brilliance
 n - a potion of resistance
 p - 9 potions of heal wounds
 x - 3 potions of lignification {!q}
 z - a potion of ambrosia
 B - 5 potions of flight
 O - a potion of mutation {!q}
Miscellaneous
 a - a phantom mirror
Comestibles
 c - 26 rations


   Skills:
 - Level 18.2 Fighting
 - Level 18.2 Axes
 - Level 13.3 Armour
 - Level 2.1 Dodging
 - Level 5.0 Stealth
 + Level 5.8 Shields
 - Level 8.9 Evocations


You had 14 spell levels left.
You didn't know any spells.

Dungeon Overview and Level Annotations

Branches:
Dungeon (10/15)            Temple (0/1) D:5            Lair (6/6) D:9
 Shoals (0/4) Lair:4       Spider (1/4) Lair:4        Slime (0/5) Lair:6
    Orc (2/2) D:9             Elf (0/3) Orc:2

Altars:
Ashenzari
Dithmenos
Fedhas
Gozag
Hepliaklqana
Makhleb
Nemelex Xobeh
Okawaru
Ru
Sif Muna
Trog
Uskayaw
Wu Jian
Zin
The Shining One

Shops:
D:5 !   Orc:2 *[(:

Annotations:
D:3 1 runed door
D:10 Sonja


Innate Abilities, Weirdness & Mutations

You reflexively headbutt those who attack you in melee.
You have a pair of horns on your head.


Message History

You barely miss the jumping spider. You hit the wolf spider.
You slash the entropy weaver!
You feel better.
You feel sick.
The jumping spider leaps!
The jumping spider pounces on you! You block the jumping spider's attack.
The entropy weaver hits you! x2
The entropy weaver hits you.
The entropy weaver hits you but does no damage.
The jumping spider leaps!
You slice the wolf spider!!
You feel better.
You kill the wolf spider!
Trog accepts your kill.
You slice the jumping spider!!
You feel better.
You hit the wolf spider but do no damage.
You slice the entropy weaver!! You block the wolf spider's attack. x2
The jumping spider leaps!
You block the jumping spider's attack. The jumping spider bites you.
The wolf spider hits you but does no damage.
The wolf spider bites you!
You are more poisoned.
The wolf spider poisons you! You block the entropy weaver's attack.
The entropy weaver misses you. The entropy weaver hits you!
The entropy weaver hits you but does no damage.
You feel yourself speed up.
You feel sick. The jumping spider pounces on you!
* * * LOW HITPOINT WARNING * * *
The jumping spider bites you.
* * * LOW HITPOINT WARNING * * *
The jumping spider pounces on you.
* * * LOW HITPOINT WARNING * * *
You block the jumping spider's attack.
The jumping spider leaps!
You block the jumping spider's attack. The jumping spider bites you!
* * * LOW HITPOINT WARNING * * *
The entropy weaver casts a spell.
You see here a wolf spider corpse.
You feel a strong urge to attack something.
You are no longer berserk.
You are exhausted.
You feel yourself slow down.
You feel sick. You block the jumping spider's attack.
The jumping spider bites you.
The jumping spider leaps! x2
Unknown command.
Unknown command.
Unknown command.
Okay, then.
You feel much better.
You feel very sick. You block the jumping spider's attack.
The jumping spider bites you. The jumping spider closely misses you.
You furiously retaliate!
You headbutt the jumping spider! You block the jumping spider's attack.
The wolf spider hits you!
* * * LOW HITPOINT WARNING * * *
The wolf spider bites you.
* * * LOW HITPOINT WARNING * * *
You are more poisoned.
The wolf spider poisons you!
The jumping spider leaps!
The jumping spider pounces on you but does no damage.
You block the jumping spider's attack. The wolf spider hits you.
* * * LOW HITPOINT WARNING * * *
The wolf spider bites you.
* * * LOW HITPOINT WARNING * * *
The jumping spider pounces on you.
* * * LOW HITPOINT WARNING * * *
The jumping spider bites you!
* * * LOW HITPOINT WARNING * * *
The jumping spider leaps!
Unknown command.
You feel much better.
You feel very sick.
You block the jumping spider's attack. x2; You block the wolf spider's attack.
The wolf spider bites you.
* * * LOW HITPOINT WARNING * * *
The jumping spider leaps!
The entropy weaver barely misses you. You furiously retaliate!
You headbutt the entropy weaver, but do no damage.
The entropy weaver hits you.
* * * LOW HITPOINT WARNING * * *
The entropy weaver hits you.
* * * LOW HITPOINT WARNING * * *
The entropy weaver completely misses you.
The jumping spider leaps!
The wolf spider barely misses you. The wolf spider bites you.
* * * LOW HITPOINT WARNING * * *
The entropy weaver hits you!
* * * LOW HITPOINT WARNING * * *
You block the entropy weaver's attack. The entropy weaver barely misses you.
The entropy weaver hits you!
* * * LOW HITPOINT WARNING * * *
The jumping spider leaps!
Unknown command.
Unknown command.
Unknown command.
Unknown command.
Unknown command.
You hit the entropy weaver.
You feel better.
The entropy weaver is moderately wounded.
You hit the wolf spider.
You feel better.
You slash the redback!
* * * LOW HITPOINT WARNING * * *
You feel very sick.
You block the wolf spider's attack. x2; The entropy weaver barely misses you.
You block the entropy weaver's attack. The entropy weaver hits you!
You die...

##### ##≈..#
#≈...### ###^#..<.#
##≈≈...#.###
#≈#....#...≈
##..........≈ ###
#^.#@§......≈≈#
#....#.sas..#..#.≈≈
....#..†.s..s....#≈#
..#....#.#s......#≈.
.....#...§...#...#
.#.....##s.§....
....##. ....... .#..
.. ...... .. #.
.....


You could see an entropy weaver, a wolf spider, 4 jumping spiders and a redback.

Vanquished Creatures
  Gastronok (D:10)
  Donald (Orc:2)
  A frost giant (IceCv)
  An orc warlord (Orc:2)
  Snorg (Orc:1)
  A minotaur (Lab)
  10 hydras
  The ghost of Ratty the Markscentaur, a journeyman CeHu of Okawaru (Lair:1)
  An anaconda (Lair:4)
  A catoblepas (D:8)
  2 two-headed ogres
  4 death yaks
  3 orc high priests (Orc:2)
  Urug (Lair:5)
  The ghost of Agrougrou the Martial Artist, a novice OpTm of Makhleb (D:9)
  2 unseen horrors (D:10)
  2 skeletal warriors (Volcano)
  An anaconda skeleton (Volcano)
  3 orc knights (Orc:2)
  4 orc sorcerers (Orc:2)
  An oklob plant (Lair:6)
  An ugly thing (D:8)
  3 wolf spiders
  A cyclops (Orc:2)
  2 black mambas (Lair:6)
  Joseph (D:9)
  4 elephants (Lair:4)
  The ghost of homeworkjunkie the Chopper, a novice HOFi of Okawaru (D:5)
  A molten gargoyle (Lair:6)
  An ice statue (IceCv)
  3 gargoyles (Volcano)
  A torpor snail (Lair:6)
  28 spiny frogs
  A freezing wraith (D:8)
  2 rime drakes
  6 komodo dragons
  A queen bee (Lair:5)
  2 trolls
  A hornet (Spider:1)
  3 meliai (Lair:5)
  3 jumping spiders
  3 tyrant leeches (Lair:6)
  Grinder (D:4)
  13 polar bears
  40 blink frogs
  7 hippogriffs
  2 dream sheep (D:8)
  3 flying skulls (Volcano)
  3 wraiths
  A tarantella (Spider:1)
  3 redbacks (Spider:1)
  An alligator skeleton (Volcano)
  2 wyverns
  3 basilisks
  58 yaks
  A hungry ghost (Lab)
  6 vampire mosquitoes
  6 wargs
  11 water moccasins
  7 porcupines
  34 orc warriors
  A swamp drake (D:9)
  A black bear (D:8)
  An ice beast (D:8)
  A phantom (D:7)
  33 wolves
  12 ogres
  2 centaurs
  10 crocodiles
  5 big kobolds
  21 bullfrogs
  An earth elemental (Lab)
  2 scorpions
  20 killer bees (Lair:5)
  2 spriggan skeletons (Volcano)
  2 howler monkeys
  5 electric eels
  3 crimson imps
  2 bullfrog zombies
  A quasit (D:8)
  12 orc priests
  6 hounds
  4 jellies
  A gnoll shaman (D:8)
  31 orc wizards
  A bullfrog skeleton (D:8)
  2 iguanas
  Natasha (thrice) (D:3)
  9 worker ants
  4 hell rats (Lair:6)
  A naga skeleton (Volcano)
  2 hound zombies
  A hound skeleton (D:10)
  A mummy (Ossuary)
  2 worker ant zombies
  3 gnolls (D:8)
  7 adders
  7 river rats
  4 shadow imps
  An ooze (Sewer)
  2 adder skeletons
  An adder zombie (D:8)
  2 worms
  A dart slug (D:2)
  5 leopard geckos
  85 orcs
  6 ball pythons
  11 giant cockroaches
  3 goblins
  5 hobgoblins
  18 jackals
  29 kobolds
  6 quokkas
  6 bats
  11 frilled lizards
  6 gnoll skeletons (Ossuary)
  A jackal zombie (D:5)
  4 kobold skeletons (Ossuary)
  15 orc skeletons (Ossuary)
  A quokka skeleton (D:8)
  38 rats
  9 fungi
  4 plants (Lair:6)
810 creatures vanquished.

Vanquished Creatures (others)
  A polar bear (IceCv)
  17 fungi
  55 plants
73 creatures vanquished.

Grand Total: 883 creatures vanquished

Notes
Turn   | Place    | Note
-------+----------+-------------------------------------------
     0 | D:1      | Mgcat the Minotaur Berserker began the quest for the Orb.
     0 | D:1      | Reached XP level 1. HP: 19/19 MP: 0/0
    66 | D:1      | Found a glowing golden altar of the Shining One.
    74 | D:1      | Reached skill level 4 in Fighting
    74 | D:1      | Reached skill level 4 in Axes
    74 | D:1      | Reached XP level 2. HP: 27/27 MP: 1/1
   504 | D:2      | Reached XP level 3. HP: 33/34 MP: 2/2
   694 | D:2      | Noticed a moth of wrath
   697 | D:2      | Found a bloodstained altar of Trog.
   711 | D:2      | Reached ** piety under Trog
  1300 | D:3      | Noticed Natasha
  1304 | D:3      | Killed Natasha
  1304 | D:3      | Reached skill level 5 in Fighting
  1304 | D:3      | Reached skill level 5 in Axes
  1304 | D:3      | Reached XP level 4. HP: 36/42 MP: 3/3
  1334 | D:3      | Found an ornate altar of the Wu Jian Council.
  1358 | D:3      | Noticed Natasha
  1364 | D:3      | Killed Natasha
  1481 | D:3      | Reached XP level 5. HP: 48/48 MP: 4/4
  1605 | D:3      | Reached skill level 6 in Fighting
  1605 | D:3      | Reached skill level 6 in Axes
  1621 | D:3      | Noticed Natasha
  1670 | D:3      | Killed Natasha
  1797 | D:3      | Found a runed door.
  1802 | D:3      | Found a glowing silver altar of Zin.
  1802 | D:3      | Noticed an angel
  2047 | D:4      | Reached XP level 6. HP: 58/58 MP: 5/5
  2052 | D:4      | Reached *** piety under Trog
  2251 | D:4      | Reached skill level 7 in Fighting
  2251 | D:4      | Reached skill level 7 in Axes
  2292 | D:4      | Noticed Grinder
  2293 | D:4      | Paralysed by Grinder for 7 turns
  2311 | D:4      | Killed Grinder
  2311 | D:4      | Reached XP level 7. HP: 53/67 MP: 6/6
  2315 | D:4      | Got a smoking ring mail
  2326 | D:4      | Identified the cursed +1 ring mail of Shielding {MR- rCorr Dex+7 Slay+3} (You found it on level 4 of the Dungeon)
  2380 | D:4      | Noticed a wyvern
  2385 | D:4      | Killed a wyvern
  2385 | D:4      | Reached skill level 8 in Fighting
  2385 | D:4      | Reached skill level 8 in Axes
  2539 | D:4      | Found a blossoming altar of Fedhas.
  2702 | D:4      | Found a hazy altar of Hepliaklqana.
  3071 | D:5      | Entered Level 5 of the Dungeon
  3090 | D:5      | Noticed homeworkjunkie's ghost (novice HOFi)
  3097 | D:5      | Killed homeworkjunkie's ghost
  3097 | D:5      | Reached skill level 9 in Fighting
  3097 | D:5      | Reached skill level 9 in Axes
  3097 | D:5      | Reached XP level 8. HP: 78/78 MP: 7/7
  3313 | D:5      | Found a glowing drain.
  3343 | Sewer    | Entered a sewer
  3441 | Sewer    | Reached **** piety under Trog
  3806 | D:5      | Found a sacrificial altar of Ru.
  4092 | D:5      | Found Sunyla's Distillery.
  4145 | D:5      | Found a staircase to the Ecumenical Temple.
  4358 | D:6      | Found a sacrificial altar of Ru.
  4512 | D:6      | Reached skill level 10 in Fighting
  4512 | D:6      | Reached skill level 10 in Axes
  5262 | D:7      | Reached XP level 9. HP: 82/86 MP: 8/8
  5282 | D:7      | Reached ***** piety under Trog
  5420 | D:7      | HP: 32/129 [orc warrior/war axe (22)]
  5608 | D:7      | Found an iron altar of Okawaru.
  5705 | D:7      | Found a burning altar of Makhleb.
  5705 | D:7      | Noticed an Executioner
  5708 | D:7      | Noticed an orange demon
  5812 | D:7      | Reached skill level 11 in Fighting
  5812 | D:7      | Reached skill level 11 in Axes
  5925 | D:7      | Found an opulent altar of Gozag.
  5986 | D:8      | Received a gift from Trog
  5992 | D:8      | Found a shadowy altar of Dithmenos.
  6062 | D:8      | Found a sand-covered staircase.
  6076 | D:8      | Reached skill level 12 in Fighting
  6077 | D:8      | Reached skill level 12 in Axes
  6099 | Ossuary  | Entered an ossuary
  6466 | D:8      | Reached XP level 10. HP: 99/99 MP: 9/9
  6471 | D:8      | Noticed a three-headed hydra
  6479 | D:8      | HP: 20/100 [four-headed hydra (6)]
  6484 | D:8      | HP: 25/100 [four-headed hydra (1)]
  6484 | D:8      | HP: 12/100 [four-headed hydra (13)]
  6813 | D:8      | Found a sparkling altar of Nemelex Xobeh.
  6894 | D:8      | Noticed a catoblepas
  6897 | D:8      | HP: 34/150 [catoblepas (16)]
  6898 | D:8      | Noticed a purple ugly thing
  6901 | D:8      | Killed a catoblepas
  6901 | D:8      | Reached skill level 13 in Fighting
  6901 | D:8      | Reached skill level 13 in Axes
  7061 | D:8      | Killed a four-headed hydra
  7254 | D:8      | Received a gift from Trog
  7491 | D:8      | Found a hide-covered altar of Uskayaw.
  7491 | D:8      | Noticed a dagger
  7499 | D:8      | Noticed a dagger
  7588 | D:8      | Killed a purple ugly thing
  7940 | D:9      | Noticed Joseph
  7952 | D:9      | Killed Joseph
  7952 | D:9      | Reached skill level 14 in Fighting
  7952 | D:9      | Reached skill level 14 in Axes
  7955 | D:9      | Reached skill level 3 in Armour
  7965 | D:9      | Reached XP level 11. HP: 49/110 MP: 4/10
  8230 | D:9      | Found a staircase to the Lair.
  8455 | D:9      | Found a staircase to the Orcish Mines.
  8457 | D:9      | Reached skill level 4 in Armour
  8778 | D:9      | Found a shattered altar of Ashenzari.
  8905 | D:9      | Noticed Agrougrou's ghost (novice OpTm)
  8919 | D:9      | Killed Agrougrou's ghost
  8919 | D:9      | Reached skill level 1 in Shields
  8987 | D:9      | Found a deep blue altar of Sif Muna.
  9046 | D:10     | Entered Level 10 of the Dungeon
  9055 | D:10     | Noticed Gastronok
  9071 | D:10     | Killed Gastronok
  9071 | D:10     | Reached skill level 5 in Armour
  9071 | D:10     | Reached skill level 3 in Shields
  9152 | D:10     | Noticed an unseen horror
  9158 | D:10     | Killed an unseen horror
  9160 | D:10     | Noticed a two-headed ogre
  9164 | D:10     | Killed a two-headed ogre
  9164 | D:10     | Reached skill level 6 in Armour
  9164 | D:10     | Reached skill level 4 in Shields
  9373 | D:10     | Noticed an unseen horror
  9388 | D:10     | Killed an unseen horror
  9456 | D:10     | Noticed Sonja
  9577 | D:10     | Received a gift from Trog
  9580 | D:10     | Got an ebony war axe {god gift}
  9583 | D:10     | Identified the +8 war axe of Satyap {vamp, rPois} (Trog gifted it to you on level 10 of the Dungeon)
  9741 | Lair:1   | Entered Level 1 of the Lair of Beasts
  9747 | Lair:1   | Reached skill level 15 in Fighting
  9747 | Lair:1   | Reached skill level 5 in Shields
  9749 | Lair:1   | Reached skill level 15 in Axes
  9760 | Lair:1   | Got a faintly glowing mace
  9777 | Lair:1   | Reached skill level 7 in Armour
  9785 | Lair:1   | Found a dark tunnel.
  9791 | Lair:1   | Noticed Ratty's ghost (journeyman CeHu)
  9797 | Lair:1   | Killed Ratty's ghost
  9797 | Lair:1   | Reached XP level 12. HP: 119/119 MP: 6/11
  9803 | Lair:1   | Found a labyrinth entrance.
  9812 | Lab      | Entered a labyrinth
  9923 | Lab      | Noticed a minotaur
  9937 | Lab      | Killed a minotaur
 10273 | Volcano  | Entered a volcano
 10330 | Volcano  | Reached skill level 1 in Evocations
 10332 | Volcano  | Reached skill level 8 in Armour
 10407 | Volcano  | Reached skill level 2 in Evocations
 10835 | Lair:1   | Noticed a seven-headed hydra
 10849 | Lair:1   | Killed a five-headed hydra
 10852 | Lair:1   | Identified the +7 mace of Cowardice {elec, rN+} (You found it on level 1 of the Lair of Beasts)
 11020 | Lair:1   | Got a thick robe
 11051 | Lair:1   | Reached skill level 3 in Evocations
 11141 | Lair:1   | Reached skill level 9 in Armour
 11772 | Lair:2   | Received a gift from Trog
 11775 | Lair:2   | Reached skill level 16 in Fighting
 11778 | Lair:2   | Reached skill level 16 in Axes
 11778 | Lair:2   | Reached skill level 1 in Stealth
 12247 | Lair:3   | Reached skill level 4 in Evocations
 12362 | Lair:3   | Reached XP level 13. HP: 128/128 MP: 15/15
 12687 | Lair:3   | Reached skill level 2 in Stealth
 13075 | Lair:4   | Found a frozen archway.
 13091 | IceCv    | Entered an ice cave
 13158 | IceCv    | Reached skill level 10 in Armour
 13207 | IceCv    | Reached skill level 3 in Stealth
 13207 | IceCv    | Reached skill level 5 in Evocations
 13297 | IceCv    | Received a gift from Trog
 13547 | IceCv    | Noticed a frost giant
 13561 | IceCv    | Reached skill level 4 in Stealth
 13566 | IceCv    | Killed a frost giant
 13598 | IceCv    | Identified a +2 pair of boots of running (You found it in an ice cave)
 13846 | Lair:4   | Found a hole to the Spider Nest.
 13908 | Lair:4   | Reached skill level 6 in Evocations
 13933 | Lair:4   | Received a gift from Trog
 13955 | Lair:4   | Found a staircase to the Shoals.
 14110 | Lair:4   | Reached skill level 11 in Armour
 14382 | Lair:4   | Reached XP level 14. HP: 138/138 MP: 14/17
 14455 | Lair:4   | Reached skill level 5 in Stealth
 14682 | Lair:4   | Reached skill level 17 in Fighting
 14682 | Lair:4   | Reached skill level 17 in Axes
 14878 | Lair:5   | Noticed Urug
 14891 | Lair:5   | Killed Urug
 15617 | Lair:5   | Reached skill level 7 in Evocations
 15724 | Lair:6   | Entered Level 6 of the Lair of Beasts
 16038 | Lair:6   | Got an encrusted flail
 16151 | Lair:6   | Reached skill level 12 in Armour
 16226 | Lair:6   | Reached ****** piety under Trog
 16366 | Lair:6   | Received a gift from Trog
 16411 | Lair:6   | Identified the cursed +1 flail of the Wheel {crush, rN+ Dex+2} (You found it on level 6 of the Lair of Beasts)
 16812 | Lair:6   | Reached skill level 8 in Evocations
 17405 | Lair:6   | Found a staircase to the Slime Pits.
 17580 | Lair:6   | Reached XP level 15. HP: 124/149 MP: 16/20
 17807 | Orc:1    | Entered Level 1 of the Orcish Mines
 17891 | Orc:1    | Received a gift from Trog
 18144 | Orc:1    | Noticed Snorg
 18155 | Orc:1    | Killed Snorg
 18289 | Orc:2    | Entered Level 2 of the Orcish Mines
 18399 | Orc:2    | Found Rukk's General Store.
 18399 | Orc:2    | Noticed an orc warlord
 18425 | Orc:2    | Killed an orc warlord
 18453 | Orc:2    | Found Loabafom's Antique Armour Shop.
 18523 | Orc:2    | Reached skill level 18 in Axes
 18529 | Orc:2    | Reached skill level 18 in Fighting
 18601 | Orc:2    | Reached skill level 13 in Armour
 18608 | Orc:2    | Noticed Donald
 18818 | Orc:2    | Killed Donald
 18906 | Orc:2    | Received a gift from Trog
 18936 | Orc:2    | Found Hyseopu's Antique Weapon Boutique.
 19025 | Orc:2    | Found a staircase to the Elven Halls.
 19054 | Orc:2    | Found Yrremn's Book Shop.
 19493 | Orc:2    | Bought a scroll of acquirement for 832 gold pieces
 19493 | Orc:2    | Bought a scroll of enchant armour for 120 gold pieces
 19493 | Orc:2    | Bought a scroll of identify for 32 gold pieces
 19766 | Spider:1 | Entered Level 1 of the Spider Nest
 19794 | Spider:1 | HP: 49/223 [jumping spider (7)]
 19796 | Spider:1 | HP: 21/149 [jumping spider (5)]
 19797 | Spider:1 | HP: 5/149 [entropy weaver (10)]
 19798 | Spider:1 | Slain by an entropy weaver

Skill      XL: |  1  2  3  4  5  6  7  8  9 10 11 12 13 14 15 |
---------------+----------------------------------------------+-----
Fighting       | 4 5 6 7 9 10 12 14 15 16 17 18 | 18.2
Axes           | 4 5 6 7 9 10 12 14 15 16 17 18 | 18.2
Armour         | 3 7 9 11 12 13 | 13.3
Shields        | 5 |  5.8
Evocations     | 4 6 8 |  8.9
Stealth        | 1 4 5 |  5.0
Dodging        | |  2.1

Action                   |  1- 3 |  4- 6 |  7- 9 | 10-12 | 13-15 || total
-------------------------+-------+-------+-------+-------+-------++-------
Melee: Hand axe          |    63 |    89 |   263 |   206 |       ||   621
       Headbutt          |    14 |    15 |    62 |   129 |   251 ||   471
       Great mace        |       |       |       |     3 |       ||     3
       War axe           |       |       |       |   156 |   673 ||   829
       Mace              |       |       |       |    21 |   122 ||   143
       Broad axe         |       |       |       |     3 |       ||     3
Invok: Berserk           |       |     5 |     5 |    16 |    20 ||    46
       Trog's Hand       |       |     1 |     1 |     5 |    13 ||    20
       Burn Spellbooks   |       |       |       |     2 |     2 ||     4
Evoke: Wand              |       |       |       |    14 |    19 ||    33
  Use: Scroll            |       |       |    19 |     8 |    16 ||    43
       Potion            |       |       |       |     1 |     4 ||     5
 Stab: Sleeping          |       |       |       |     4 |     7 ||    11
       Distracted        |       |       |       |       |     4 ||     4
  Eat: Chunk             |       |    10 |    13 |    14 |    24 ||    61
       Ration            |       |       |     1 |     9 |    11 ||    21
Armor: Animal skin       |     5 |       |       |       |       ||     5
       Ring mail         |    17 |    26 |    67 |    82 |   201 ||   393
       Leather armour    |     1 |       |       |       |       ||     1
Dodge: Dodged            |    41 |    45 |   132 |   192 |   331 ||   741
Block: Buckler           |       |       |       |    52 |   170 ||   222
       Shield            |       |       |       |       |    37 ||    37

Vault maps used:
D:1:      mushboom_english_gardens, tso_metal_star
D:2:      tgw_trog, minmay_misc_feat_tower
D:3:      old_standard_altar, first_ration, grunt_ministairs_2,
          lemuel_angel_altar, uniq_natasha
D:4:      kennysheep_mini, kennysheep_little_box, minivault_5, uniq_grinder
D:5:      nicolae_overflow_hidden_temple, temple_hall, gup_sewer_entry_glass,
          serial_shops, shop
D:6:      nicolae_ru_the_path_less_chosen
D:7:      lemuel_coloured_pillars_altar, makhleb_altar_promises_db,
          okawaru_ov_weapons_minmay
D:8:      nemelex_altar_shiori, nicolae_dithmenos_the_darkroom,
          dancing_weapons_uskayaw, nicolae_ossuary_entry_false_entrances,
          hangedman_ranch, minmay_evil_grid
D:9:      tgw_sif, ashenzari_conservatory_becter, erik_lair_island, erik_orc_1,
          uniq_joseph
D:10:     uniq_sonja, uniq_gastronok
Lair:1:   nicolae_volcano_entry_two_sided, lab_entry_generic
Lair:2:   grunt_megastairs_1
Lair:3:   minivault_24, serial_bayou_shore_a, lemuel_fruit_fields
Lair:4:   shoals_dummy_entry, spider_nest_entry_funnel_web,
          portal_ice_cave_entry_pillars_1, nzn_random_ring,
          infiniplex_staircase_pool
Lair:5:   special_room, uniq_urug
Lair:6:   minmay_lair_end_frog_pond, slime_dummy, nicolae_quartered_pool_medium,
          small_statue_intersection, kennysheep_abandoned_house
Orc:1:    uniq_snorg
Orc:2:    grunt_orc_gardens, grunt_orc_garden, grunt_orc_garden,
          grunt_orc_garden, grunt_orc_garden, uniq_donald
Lab:      nicolae_lab_dead_adventurers, lab_statue, nicolae_lab_blocks,
          labyrinth_baited_teleportation_trap, labyrinth_fake_exit
Sewer:    sewer_minmay_treatment
Ossuary:  ossuary_due_mausoleum
IceCv:    ice_cave_caverns_01
Volcano:  volcano_tomb

Table legend:
 A = Turns spent in this place as a percentage of turns spent in the entire game.
 B = Non-inter-level travel turns spent in this place as a percentage of non-inter-level travel turns spent in the entire game.
 C = Inter-level travel turns spent in this place as a percentage of turns spent in this place.
 D = Turns resting spent in this place as a percentage of non-inter-level travel turns spent in this place.
 E = Turns spent auto-exploring this place as a percentage of non-inter-level travel turns spent in this place.
 F = Non-inter-level travel turns spent in this place divided by the number of levels of this place that you've seen.
                   A       B       C       D       E      F
               +-------+-------+-------+-------+-------+----------------------
         Total | 100.0 | 100.0 |   4.8 |   5.4 |  68.8 | 785.7
       Dungeon |  46.7 |  46.5 |   5.0 |   3.2 |  75.8 | 877.0
          Lair |  32.7 |  32.2 |   6.3 |   0.5 |  72.4 | 1010.5
   Spider Nest |   0.2 |   0.2 |   0.0 |   0.0 |  15.6 |  32.0
  Orcish Mines |   9.2 |   9.3 |   3.6 |  11.9 |  58.3 | 874.0
     Labyrinth |   2.2 |   2.3 |   0.0 |  62.0 |   0.0 | 429.0
         Sewer |   2.0 |   2.1 |   0.0 |   0.0 |  67.1 | 389.0
       Ossuary |   1.3 |   1.4 |   0.0 |   0.0 |  70.8 | 267.0
      Ice Cave |   3.3 |   3.4 |   0.0 |  10.8 |  41.9 | 647.0
       Volcano |   2.6 |   2.7 |   0.0 |  31.4 |  38.3 | 512.0
               +-------+-------+-------+-------+-------+----------------------

Table legend:
 A = Kills in this place as a percentage of kills in entire the game.
 B = Kills by you in this place as a percentage of kills by you in the entire game.
 C = Kills by friends in this place as a percentage of kills by friends in the entire game.
 D = Other kills in this place as a percentage of other kills in the entire game.
 E = Experience gained in this place as a percentage of experience gained in the entire game.
 F = Experience gained in this place divided by the number of levels of this place that you have seen.
                   A       B       C       D       E      F
               +-------+-------+-------+-------+-------+----------------------
         Total | 100.0 | 100.0 |   N/A | 100.0 | 100.0 | 5210.1
       Dungeon |  36.6 |  36.6 |   N/A |   0.0 |  16.0 | 1995.4
          Lair |  32.1 |  32.1 |   N/A |   0.0 |  50.6 | 10555.5
   Spider Nest |   1.0 |   1.0 |   N/A |   0.0 |   1.9 | 2320.0
  Orcish Mines |  12.5 |  12.5 |   N/A |   0.0 |  15.5 | 9685.5
     Labyrinth |   0.4 |   0.4 |   N/A |   0.0 |   1.1 | 1353.0
         Sewer |   6.0 |   6.0 |   N/A |   0.0 |   0.2 | 197.0
       Ossuary |   3.4 |   3.4 |   N/A |   0.0 |   0.2 | 260.0
      Ice Cave |   6.4 |   6.3 |   N/A | 100.0 |  11.2 | 14002.0
       Volcano |   1.6 |   1.6 |   N/A |   0.0 |   3.4 | 4253.0
               +-------+-------+-------+-------+-------+----------------------
